 Dungeon Crawl Stone Soup version 0.29.1-2-gbd0b4ee654 (webtiles) character file.

Game seed: 6013325956005790052

2095 NinjaNoafa the Severer (level 9, -4/70 HPs)
             Began as a Hill Orc Fighter on Nov 23, 2022.
             Slain by an ogre
             ... wielding a +0 giant club
              (25 damage)
             ... on level 5 of the Dungeon.
             The game lasted 00:08:56 (4986 turns).

NinjaNoafa the Severer (Hill Orc Fighter)           Turns: 4986, Time: 00:08:57

Health: -4/70      AC: 12    Str: 23    XL:     9   Next: 27%
Magic:  9/9        EV:  7    Int:  8    God:
Gold:   314        SH:  4    Dex: 10    Spells: 8/8 levels left

rFire   + . .      SeeInvis .   a - +0 war axe
rCold   . . .      Faith    .   c - +0 buckler
rNeg    . . .      Spirit   .   t - +2 chain mail {rF+}
rPois   .          Reflect  .   (no helmet)
rElec   .          Harm     .   (no cloak)
rCorr   .          Rampage  .   u - +0 pair of gloves
Will    +....                   (no boots)
Stlth   ..........              (no amulet)
HPRegen 0.21/turn               n - ring of willpower
MPRegen 0.11/turn               (no ring)

@: studying Armour
A: no striking features
a: no special abilities


You were on level 5 of the Dungeon.
You visited 1 branch of the dungeon, and saw 5 of its levels.

You collected 334 gold pieces.
You spent 20 gold pieces at shops.

Inventory:

Hand Weapons
 a - a +0 war axe (weapon)
Missiles
 e - 4 datura-tipped darts
 f - 57 stones
 o - 13 poisoned darts (quivered)
Armour
 c - a +0 buckler (worn)
 t - a +2 chain mail of fire resistance (worn)
 u - a +0 pair of gloves (worn)
Jewellery
 n - a ring of willpower (left hand)
 z - a ring of ice
Wands
 v - a wand of charming (11)
 x - a wand of mindburst (7)
Scrolls
 b - a scroll of fear
 d - a scroll of fog {unknown}
 g - 2 scrolls of enchant armour
 i - a scroll of enchant weapon {unknown}
 l - 2 scrolls of blinking {unknown}
 p - a scroll of magic mapping {unknown}
 q - a scroll of amnesia {unknown}
 r - a scroll of brand weapon {unknown}
 s - 6 scrolls of teleportation {unknown}
 y - 2 scrolls of vulnerability {unknown}
Potions
 h - 2 potions of flight
 j - a potion of invisibility
 k - a potion of heal wounds
 m - a potion of haste
 w - a potion of resistance
 A - a potion of curing


   Skills:
 - Level 3.6 Fighting
 + Level 15.4 Axes
 - Level 3.2 Armour
 - Level 3.2 Shields


You had 8 spell levels left.
You didn't know any spells.
Your spell library contained the following spells:

 Spells                   Type           Power      Damage    Failure   Level
 Freeze                   Ice            0%         1d3       99%         1
 Static Discharge         Conj/Air       0%         3-3/arc   100%        2
 Frozen Ramparts          Ice            0%         1d1       100%        3
 Dispel Undead            Necr           0%         3d6       100%        4
 Hailstorm                Conj/Ice       0%         3d3       100%        4
 Sticky Flame             Conj/Fire      0%         2d3       100%        4


Dungeon Overview and Level Annotations

Branches:
Dungeon (5/15)
 Temple: D:4-7

Altars:
Dithmenos

Shops:
D:2 (?:


Message History

You barely miss the phantom. You hit the necrophage.
You destroy the necrophage!
You feel sick.
The shadow imp shouts, "Scamper away, thou unmuzzled common-kissing scavenger!"
The phantom hits you but does no damage.
Your Axes skill increases to level 15!
You hit the orc.
The orc is heavily wounded.
You slash the shadow imp! You barely miss the phantom.
You feel sick.
You slash the orc!
You kill the orc!
You closely miss the shadow imp. You hit the phantom but do no damage.
You feel sick. The shadow imp hits you. The phantom completely misses you.
You hit the necrophage.
The necrophage is moderately damaged.
You slash the phantom!
You destroy the phantom!
You closely miss the shadow imp.
You feel sick. The shadow imp puffs mist at you.
The shadow imp hits you but does no damage.
The necrophage hits you but does no damage.
You completely miss the ogre. You closely miss the necrophage.
You closely miss the shadow imp.
You feel sick. The shadow imp barely misses you.
The ogre hits you with a +0 giant club!!
* * * LOW HITPOINT WARNING * * *
The necrophage hits you but does no damage.
You barely miss the ogre. You slash the necrophage!
You closely miss the shadow imp. The shadow imp barely misses you.
The necrophage hits you but does no damage.
You feel sick.
You are no longer poisoned.
Unknown command.
Throw: 14 darts (poison)
Press: ? - help, Q - select action, (/) - cycle Shift-Dir - straight line, f - ogre
Aim: an ogre, wielding a +0 giant club (72% to hit)
You throw a poisoned dart. The poisoned dart hits the ogre.
The ogre is poisoned.
The ogre hits you with a +0 giant club!!
You die...

..##....##..).##.....####..# #.
#.##.#####....#.......#.#..## #.
#....# #.....#.......#.#...####.
####.####....##.....).#..........
#....#....# #.....##.......###
###.##..### #($5# #.......#
#.##.########n####.......#
#.##........O....#......##
#.##.......@.....###...##
#.##.............# ##.## ##
#..####'########.# ..# .#
######...## ###.)# ##. .#
##.....###....#
.########.......##.)..#
........#.......#.....#
.########.......#....##
......[.##.....##....#


You could see an ogre (poisoned), a necrophage and a shadow imp.

Vanquished Creatures
  Pikel (D:5)
  Prince Ribbit (D:5)
  Menkaure (D:5)
  A water moccasin (D:5)
  An ogre (D:5)
  A centaur (D:5)
  2 phantoms
  A kobold brigand (D:4)
  A necrophage (D:5)
  2 scorpions
  3 hounds
  2 orc priests
  A jelly (D:5)
  3 iguanas (D:4)
  3 orc wizards
  Natasha (thrice) (D:3)
  4 gnolls (D:4)
  7 adders
  2 ufetubi
  2 worms (D:4)
  3 dart slugs
  17 orcs
  6 ball pythons
  A bat (D:3)
  6 endoplasms
  2 giant cockroaches
  7 goblins
  6 hobgoblins
  A jackal (D:4)
  2 quokkas
  3 frilled lizards (D:1)
  6 kobolds
  8 rats
110 creatures vanquished.

Vanquished Creatures (others)
  An ogre (D:4)
  An adder (D:4)
2 creatures vanquished.

Grand Total: 112 creatures vanquished

Notes
Turn   | Place    | Note
-------+----------+-------------------------------------------
     0 | D:1      | NinjaNoafa the Hill Orc Fighter began the quest for the
                  | Orb.
     0 | D:1      | Reached XP level 1. HP: 19/19 MP: 1/1
    83 | D:1      | Reached skill level 3 in Axes
   154 | D:1      | Found a faded altar of an unknown god.
   158 | D:1      | Reached XP level 2. HP: 24/26 MP: 2/2
   261 | D:1      | Reached skill level 4 in Axes
   656 | D:1      | Reached XP level 3. HP: 28/31 MP: 3/3
   862 | D:2      | Found Ysailex's Magic Scroll Shop.
   872 | D:2      | Bought a scroll of identify for 20 gold pieces
   872 | D:2      | Found Qydap's Book Shoppe.
  1270 | D:2      | Found Tiugusim's Antique Weapon Shoppe.
  1352 | D:2      | Reached skill level 5 in Axes
  1594 | D:3      | Noticed Natasha
  1600 | D:3      | Killed Natasha
  1601 | D:3      | Reached XP level 4. HP: 22/39 MP: 4/4
  1837 | D:3      | Noticed Natasha
  1844 | D:3      | Killed Natasha
  1845 | D:3      | Reached skill level 6 in Axes
  2316 | D:3      | Noticed Natasha
  2327 | D:3      | Killed Natasha
  2328 | D:3      | Reached XP level 5. HP: 35/45 MP: 5/5
  2487 | D:4      | Reached skill level 7 in Axes
  2529 | D:4      | Noticed a phantom
  2539 | D:4      | Reached skill level 8 in Axes
  2539 | D:4      | Reached XP level 6. HP: 34/51 MP: 1/6
  2565 | D:4      | Reached skill level 9 in Axes
  2567 | D:4      | Reached XP level 7. HP: 26/57 MP: 4/7
  2853 | D:4      | Reached skill level 10 in Axes
  3719 | D:5      | Entered Level 5 of the Dungeon
  3723 | D:5      | Noticed Menkaure
  3732 | D:5      | Killed Menkaure
  3733 | D:5      | Reached skill level 11 in Axes
  3934 | D:5      | Found a shadowy altar of Dithmenos.
  3939 | D:5      | Reached XP level 8. HP: 55/64 MP: 8/8
  3999 | D:5      | Noticed Prince Ribbit
  4036 | D:5      | Reached skill level 12 in Axes
  4041 | D:5      | Noticed Pikel
  4052 | D:5      | Killed Pikel
  4053 | D:5      | Reached skill level 13 in Axes
  4074 | D:5      | Killed Prince Ribbit
  4075 | D:5      | Reached skill level 14 in Axes
  4075 | D:5      | Reached XP level 9. HP: 24/70 MP: 9/9
  4979 | D:5      | Reached skill level 15 in Axes
  4986 | D:5      | Slain by an ogre

Illustrated notes

Levels and vault maps discovered:
D:1:      minmay_arrival_shattered_statue, layout_basic, basic_ecumenical_altar,
          serial_park_tiny_2
D:2:      layout_basic, serial_shops,
          nicolae_shop_temple_entry_statues_fountains,
          nicolae_shop_advertising_works [nicolae_subvault_shop_adworks], shop
D:3:      layout_loops_ring, uniq_natasha
D:4:      layout_basic, minmay_manual_moon
D:5:      minmay_opposing_rooms, layout_loops_ring, old_standard_altar,
          st_stairs_9, uniq_prince_ribbit1, uniq_pikel, uniq_menkaure

Skill      XL: |  1  2  3  4  5  6  7  8  9 |
---------------+----------------------------+-----
Axes           | 3 4 5 6 8 9 11 14 15 | 15.4
Fighting       | |  3.6
Armour         | |  3.2
Shields        | |  3.2

Action                   |  1- 3 |  4- 6 |  7- 9 || total
-------------------------+-------+-------+-------++-------
Melee: War axe           |    65 |    72 |   128 ||   265
Throw: Dart              |       |       |     8 ||     8
Evoke: Wand              |       |       |     7 ||     7
  Use: Scroll            |     6 |       |     2 ||     8
       Potion            |       |     1 |     1 ||     2
Armor: Plate armour      |    37 |       |       ||    37
       Scale mail        |     2 |       |       ||     2
       Chain mail        |       |    46 |    75 ||   121
       Skin              |       |       |    26 ||    26
Dodge: Dodged            |    24 |    23 |    45 ||    92
Block: Buckler           |    20 |    16 |    30 ||    66
